 Dungeon Crawl Stone Soup version 0.21-a0-584-g185da8e (webtiles) character file.

82074 kibaces the Eclecticist (level 15, -5/64 HPs)
             Began as a Spriggan Air Elementalist on Dec 20, 2017.
             Was a High Priest of Sif Muna.
             Killed from afar by an ogre mage (26 damage)
             ... with a bolt of lightning
             ... on level 1 of the Depths on Dec 21, 2017.
             The game lasted 03:07:45 (55449 turns).

kibaces the Eclecticist (SpAE)                     Turns: 55449, Time: 03:07:46

Health: -5/64      AC: 15    Str:  4    XL:     15   Next: 28%
Magic:  6/37       EV: 29    Int: 23    God:    Sif Muna [*****.]
Gold:   1186       SH: 13    Dex: 19    Spells: 29/48 levels left

rFire    + . .     SeeInvis +   (weapon restricted)
rCold    . . .     Gourm    .   N - +3 buckler of Yskonloa {Dex+2 Stlth+}
rNeg     . . .     Faith    .   y - +1 steam dragon scales
rPois    .         Spirit   .   O - +2 hat
rElec    .         Reflect  +   z - +2 cloak
rCorr    .         Harm     .   (gloves unavailable)
MR       ++...                  (boots unavailable)
Stlth    +++++.....             M - +3 amulet of reflection
HPRegen  0.20/turn              e - ring of protection from fire
MPRegen  0.25/turn              g - +3 ring of protection

@: lethally poisoned (-5 -> -30), divine energy, very quick
A: very small, unfitting armour, talons 1, rugged brown scales 1, see invisible,
herbivore, speed 3, slow metabolism 2
a: Stop Divine Energy, Channel Magic, Forget Spell, Renounce Religion


You were on level 1 of the Depths.
You worshipped Sif Muna.
Sif Muna was extremely pleased with you.
You were hungry.

You visited 3 branches of the dungeon, and saw 23 of its levels.

You collected 1582 gold pieces.
You spent 396 gold pieces at shops.

Inventory:

Armour
 y - +1 steam dragon scales (worn)
 z - a +2 cloak (worn)
 N - the +3 buckler of Yskonloa (worn) {Dex+2 Stlth+}
   (You found it on level 6 of the Lair of Beasts)

   It affects your dexterity (+2).
   It makes you more stealthy.
 O - a +2 hat (worn)
Magical Staves
 b - an uncursed staff of cold
Jewellery
 e - a ring of protection from fire (left hand)
 g - a +3 ring of protection (right hand)
 s - a +4 ring of evasion {unknown}
 M - a +3 amulet of reflection (around neck)
Wands
 a - a wand of disintegration (22)
 i - a wand of flame (19)
 C - a wand of iceblast (15)
 E - a wand of digging (27)
Scrolls
 d - 9 scrolls of amnesia
 f - 3 scrolls of identify
 h - 7 scrolls of teleportation
 k - 13 scrolls of remove curse
 q - 5 scrolls of magic mapping
 B - 2 scrolls of fear
 D - 3 scrolls of enchant weapon
 G - a scroll of fog
 H - a scroll of blinking
Potions
 j - 3 potions of berserk rage
 l - 3 potions of magic {unknown}
 m - 3 potions of lignification
 o - a potion of invisibility {unknown}
 p - a potion of ambrosia {unknown}
 t - 2 potions of flight
 u - 5 potions of haste
 v - 2 potions of agility {unknown}
 w - 2 potions of might
 x - 8 potions of curing
 A - a potion of brilliance {unknown}
 F - 3 potions of heal wounds
 J - 2 potions of resistance {unknown}
Books
 n - a Young Poisoner's Handbook

   Spells                             Type                      Level
   a - Sting                          Conjuration/Poison           1
   b - Poisonous Vapours              Poison/Air                   2
   c - Mephitic Cloud                 Conjuration/Poison/Air       3
   d - Olgreb's Toxic Radiance        Poison                       4
   e - Venom Bolt                     Conjuration/Poison           5
 r - Sif Muna's Volume of Harmful Evil
   (Sif Muna gifted it to you on level 2 of the Lair of Beasts)

   Spells                             Type                      Level
   a - Sticky Flame                   Conjuration/Fire             4
   b - Fulminant Prism                Conjuration/Hexes            4
   c - Bolt of Magma                  Conjuration/Fire/Earth       5
   d - Dispel Undead                  Necromancy                   5
   e - Orb of Destruction             Conjuration                  7
 K - a book of Flames

   Spells                             Type                      Level
   a - Flame Tongue                   Conjuration/Fire             1
   b - Throw Flame                    Conjuration/Fire             2
   c - Conjure Flame                  Conjuration/Fire             3
   d - Inner Flame                    Hexes/Fire                   3
   e - Sticky Flame                   Conjuration/Fire             4
   f - Fireball                       Conjuration/Fire             5
Comestibles
 c - 15 rations


   Skills:
 + Level 12.2 Dodging
 - Level 9.0 Stealth
 - Level 4.0 Shields
 + Level 17.1 Spellcasting
 + Level 9.5 Conjurations
 - Level 3.0 Charms
 + Level 14.6 Air Magic


You had 29 spell levels left.
You knew the following spells:

 Your Spells              Type           Power        Failure   Level  Hunger
a - Shock                 Conj/Air       ####         1%          1    None
b - Swiftness             Chrm/Air       ######..     1%          2    None
c - Airstrike             Air            ######....   1%          4    None
d - Lightning Bolt        Conj/Air       ######....   1%          5    #......
f - Orb of Destruction    Conj           ######....   50%         7    ######.


Dungeon Overview and Level Annotations

Branches:
Dungeon (15/15)            Temple (0/1) D:5            Lair (6/6) D:9
 Shoals (0/4) Lair:4       Spider (0/4) Lair:2        Slime (0/5) Lair:6
    Orc (0/2) D:12         Vaults (0/5) D:14         Depths (2/5) D:15

Altars:
Ashenzari
Elyvilon
Gozag
Kikubaaqudgha
Makhleb
Qazlal
Sif Muna
Trog
Uskayaw
Xom
Yredelemnul
The Shining One
Jiyva

Shops:
D:4 *   D:7 [   D:8 *   D:12 ![[!

Portals:
Hell: Lair:6

Annotations:
D:7 Joseph
Depths:1 Aizul


Innate Abilities, Weirdness & Mutations

You are very small and have problems with some larger weapons.
You are too small for most types of armour.
You have supernaturally acute eyesight. (SInv)
You are a herbivore.
You cover ground extremely quickly.
You need consume almost no food.
You have sharp toenails.
You are partially covered in rugged brown scales. (AC +1, +3% HP)


Message History

The red ugly thing completely misses you.
An ogre mage comes into view. It is wielding a club.
There is an open door here.
A yaktaur comes into view.
You feel sick.
A troll comes into view.
You feel sick.
The two-headed ogre shouts in stereo!
You hear two shouts!
You hear a shout! x3
The yaktaur shoots a bolt.
The bolt misses you.
The frost giant gestures at you while chanting.
The bolt of cold misses you.
The yaktaur shouts!
A two-headed ogre comes into view.
It is wielding a giant spiked club and a giant club.
You see here a bolt.
You feel sick.
The ogre mage shouts!
The yaktaur shouts!
You hear a shout!
The yaktaur shoots a bolt.
The bolt completely misses you.
The ogre mage gestures at you while chanting.
The bolt of lightning hits you!
You die...

#........
####(.......
#...........
#.##........
###(.#G.../...
#u.8.u.....c..
#.u...#C(c...c.
#.uu.###(.c...c.
..C.##
#@...(.... 8...
#.......... ...
#....O....O ).
#...O......
#.....C....
#....O.....
#..O.iO.O.O
#<...TO....
#..........


You could see a frost giant, a stone giant, a great orb of eyes, a red ugly
thing, 4 two-headed ogres, 2 ogre magi, a spriggan berserker, 5 yaktaurs, a
troll (wandering) and an ogre.

Vanquished Creatures
  Rupert (D:13)
  Kirke (Lair:4)
  Snorg (D:12)
  Fannar (Lair:1)
  An ice dragon (Depths:2)
  13 hydras
  A catoblepas (D:13)
  A rakshasa (D:14)
  4 two-headed ogres
  A centaur warrior (D:14)
  A death knight (D:14)
  3 tengu warriors
  Urug (D:13)
  A sixfirhy (Lair:6)
  A sea snake (shapeshifter) (D:15)
  2 unseen horrors (D:15)
  A glowing orange brain (D:15)
  A wizard (Lair:6)
  A wolf spider zombie (D:14)
  An orc knight (D:13)
  3 oklob plants (Lair:3)
  A wolf spider (D:14)
  8 ugly things
  4 deep elf magi
  A cyclops (D:14)
  2 manticores
  A salamander (shapeshifter) (D:15)
  A torpor snail (Lair:6)
  5 elephants (Lair:3)
  Maurice (D:13)
  4 black mambas
  2 orange demons (Lair:6)
  4 centaur skeletons
  12 spiny frogs
  2 kobold demonologists (D:13)
  3 rime drakes
  12 komodo dragons
  2 yaktaurs (shapeshifter) (D:15)
  2 tengu conjurers
  4 ice devils (Lair:6)
  A hellwing (Lair:6)
  3 polar bears (Lair:6)
  5 trolls
  A wind drake (shapeshifter) (D:15)
  15 slime creatures
  4 blink frogs
  10 hippogriffs
  2 vampires (D:10)
  8 redbacks
  27 yaks
  A spriggan (D:14)
  7 wyverns
  A shadow (D:13)
  A fire bat (shapeshifter) (D:14)
  4 basilisks
  A hog (shapeshifter) (D:15)
  16 humans
  3 hogs
  A steam dragon (D:9)
  4 vampire mosquitoes (D:14)
  9 water moccasins
  4 hell hounds (Lair:6)
  9 porcupines
  A swamp drake (D:12)
  A black bear (shapeshifter) (D:15)
  4 ice beasts
  3 sky beasts
  A hornet zombie (D:14)
  8 orc warriors
  A black bear (D:8)
  3 phantoms
  7 ogres
  2 necrophages
  10 wolves
  13 centaurs
  11 crocodiles
  5 big kobolds
  17 bullfrogs
  4 scorpions
  10 killer bees
  5 wights (D:9)
  3 electric eels (Lair:3)
  3 howler monkeys
  6 crimson imps
  3 centaur zombies
  5 jellies
  A gnoll shaman (D:8)
  7 orc priests
  3 bullfrog skeletons
  8 hounds
  2 iguanas
  Natasha (D:5)
  8 orc wizards
  7 hell rats (Lair:3)
  11 worker ants
  A hound zombie (D:8)
  2 hound skeletons
  A worker ant zombie (D:9)
  A howler monkey skeleton (D:8)
  3 gnolls (D:8)
  10 adders
  3 shadow imps
  An adder zombie (D:5)
  5 worms
  A dart slug (D:2)
  10 leopard geckos
  47 orcs
  8 giant cockroaches
  3 goblins (D:1)
  5 hobgoblins
  6 jackals
  2 quokkas
  A ball python (D:3)
  8 bats
  6 frilled lizards
  A jackal skeleton (D:5)
  A jackal zombie (D:6)
  17 kobolds
  A leopard gecko zombie (D:5)
  6 rats
  2 butterflies (D:5)
575 creatures vanquished.

Vanquished Creatures (others)
  2 centaur warriors
  A cyclops (D:13)
  A yaktaur (Depths:1)
  A necrophage (D:14)
  A centaur (D:12)
  A kobold (D:14)
  42 fungi
  31 plants
80 creatures vanquished.

Grand Total: 655 creatures vanquished

Notes
Turn   | Place    | Note
-------+----------+-------------------------------------------
     0 | D:1      | kibaces the Spriggan Air Elementalist began the quest for the Orb.
     0 | D:1      | Reached XP level 1. HP: 9/9 MP: 5/5
   323 | D:1      | Reached XP level 2. HP: 13/13 MP: 0/6
   383 | D:1      | Learned a level 2 spell: Swiftness
   521 | D:1      | Reached skill level 1 in Conjurations
  1326 | D:2      | Reached skill level 3 in Spellcasting
  1534 | D:2      | Reached XP level 3. HP: 16/16 MP: 3/8
  1599 | D:2      | Reached skill level 1 in Charms
  1997 | D:2      | Found a white marble altar of Elyvilon.
  2583 | D:3      | Reached XP level 4. HP: 21/21 MP: 5/9
  3634 | D:4      | Noticed a sky beast
  3648 | D:3      | Learned a level 4 spell: Airstrike
  3656 | D:4      | Killed a sky beast
  3656 | D:4      | Reached XP level 5. HP: 24/24 MP: 2/11
  3777 | D:4      | Noticed Natasha
  3975 | D:4      | Found a basalt altar of Yredelemnul.
  4639 | D:4      | Found Argheo's Assorted Antiques.
  4642 | D:4      | Bought a cloak for 108 gold pieces
  5093 | D:4      | Found a shattered altar of Ashenzari.
  5093 | D:4      | Found a shimmering altar of Xom.
  5120 | D:4      | Reached XP level 6. HP: 22/28 MP: 1/12
  5298 | D:5      | Entered Level 5 of the Dungeon
  5404 | D:5      | Found a deep blue altar of Sif Muna.
  5418 | D:5      | Became a worshipper of Sif Muna the Loreminder
  5837 | D:5      | Reached skill level 4 in Spellcasting
  6010 | D:5      | Found a staircase to the Ecumenical Temple.
  6345 | D:5      | Reached skill level 5 in Stealth
  6345 | D:5      | Reached XP level 7. HP: 32/32 MP: 6/14
  6405 | D:5      | Learned a level 5 spell: Lightning Bolt
  6451 | D:5      | Found a stormy altar of Qazlal.
  6669 | D:5      | Reached skill level 5 in Dodging
  7197 | D:6      | Found a hide-covered altar of Uskayaw.
  7345 | D:6      | Reached * piety under Sif Muna
  7514 | D:6      | Got an opalescent robe
  7525 | D:6      | Identified the +1 robe of a treasure trove {MR- rCorr SInv} (You found it on level 6 of the Dungeon)
  7640 | D:6      | Reached skill level 5 in Air Magic
  7794 | D:6      | Found a glowing golden altar of the Shining One.
  7994 | D:7      | Found Beuddure's Antique Armour Shop.
  8002 | D:7      | Bought a glowing robe for 103 gold pieces
  8146 | D:7      | Reached skill level 5 in Spellcasting
  8146 | D:7      | Reached XP level 8. HP: 36/36 MP: 9/16
  8325 | D:7      | Noticed Joseph
  8713 | D:7      | Found an opulent altar of Gozag.
  8864 | D:7      | Noticed a two-headed ogre
  9037 | D:7      | Killed a two-headed ogre
  9037 | D:7      | Reached ** piety under Sif Muna
  9037 | D:7      | Reached skill level 6 in Spellcasting
  9673 | D:4      | Reached skill level 5 in Conjurations
 12127 | D:5      | Killed Natasha
 12548 | D:8      | Reached XP level 9. HP: 39/39 MP: 13/19
 13512 | D:8      | Reached *** piety under Sif Muna
 13512 | D:8      | Reached skill level 7 in Spellcasting
 13711 | D:8      | Found Eti Ysae's Assorted Antiques.
 14067 | D:8      | Noticed a two-headed ogre
 14169 | D:8      | Killed a two-headed ogre
 14545 | D:9      | Found a staircase to the Lair.
 14744 | D:9      | Reached XP level 10. HP: 39/44 MP: 11/22
 15038 | D:8      | Reached **** piety under Sif Muna
 15193 | D:9      | Found an opulent altar of Gozag.
 15198 | D:9      | Reached skill level 8 in Spellcasting
 15283 | D:9      | Found an ancient bone altar of Kikubaaqudgha.
 15288 | D:9      | Found a bloodstained altar of Trog.
 15916 | D:9      | Gained mutation: You have large cloven feet. [potion of mutation]
 15916 | D:9      | Gained mutation: You are partially covered in iridescent scales. (AC +2) [potion of mutation]
 15917 | D:9      | Lost mutation: You have large cloven feet. [potion of mutation]
 15917 | D:9      | Gained mutation: You passively map a small area around you. [potion of mutation]
 15917 | D:9      | Lost mutation: You passively map a small area around you. [potion of mutation]
 15917 | D:9      | Gained mutation: Your mind is acute. (Int +2) [potion of mutation]
 15924 | D:9      | Lost mutation: Your mind is acute. (Int +2) [potion of mutation]
 15924 | D:9      | Lost mutation: You are partially covered in iridescent scales. (AC +2) [potion of mutation]
 15924 | D:9      | Gained mutation: You do not regenerate when monsters are visible. [potion of mutation]
 15924 | D:9      | Gained mutation: You are frail. (-10% HP) [potion of mutation]
 15924 | D:9      | Lost mutation: You are frail. (-10% HP) [potion of mutation]
 16852 | D:10     | Entered Level 10 of the Dungeon
 17518 | D:10     | HP: 2/44 [disintegration (19)]
 18854 | D:10     | Got a scintillating turquoise ring
 19422 | D:10     | Identified the cursed ring of Tistamm {rN+ AC-5 Dex+2} (You found it on level 10 of the Dungeon)
 19730 | D:11     | Reached skill level 9 in Spellcasting
 19964 | D:11     | Noticed a six-headed hydra
 20126 | D:11     | Killed a six-headed hydra
 20126 | D:11     | Reached ***** piety under Sif Muna
 20126 | D:11     | Reached XP level 11. HP: 47/47 MP: 0/25
 20587 | D:12     | Found Odaxtiph's Distillery.
 20589 | D:12     | Found Ryfacixt's Armour Shop.
 20610 | D:12     | Bought a potion of heal wounds for 55 gold pieces
 20714 | D:12     | Received a gift from Sif Muna
 20914 | D:12     | Learned a level 4 spell: Throw Icicle
 21076 | D:12     | Reached skill level 10 in Air Magic
 21767 | D:12     | Found a staircase to the Orcish Mines.
 21873 | D:12     | Noticed a deep elf mage
 21878 | D:12     | Killed a deep elf mage
 22190 | D:12     | Lost mutation: You do not regenerate when monsters are visible. [potion of mutation]
 22190 | D:12     | Gained mutation: You are partially covered in rugged brown scales. (AC +1, +3% HP) [potion of mutation]
 22190 | D:12     | Gained mutation: You have sharp toenails. [potion of mutation]
 22220 | D:12     | Noticed a red ugly thing
 22243 | D:12     | Killed a red ugly thing
 22255 | D:12     | Noticed a white ugly thing
 22511 | D:12     | Found Uwot's Distillery.
 22519 | D:12     | Bought a potion of heal wounds for 65 gold pieces
 22519 | D:12     | Bought a potion of heal wounds for 65 gold pieces
 22738 | Lair:1   | Entered Level 1 of the Lair of Beasts
 23023 | Lair:1   | Noticed Fannar
 23103 | Lair:1   | Reached skill level 10 in Spellcasting
 24618 | Lair:1   | Killed Fannar
 24618 | Lair:1   | Reached skill level 11 in Spellcasting
 26045 | Lair:2   | Reached XP level 12. HP: 52/52 MP: 21/28
 26169 | Lair:2   | Identified Sif Muna's Volume of Harmful Evil (Sif Muna gifted it to you on level 2 of the Lair of Beasts)
 26169 | Lair:2   | Received a gift from Sif Muna
 26181 | Lair:2   | Learned a level 7 spell: Orb of Destruction
 26625 | Lair:2   | Noticed an eight-headed hydra
 26676 | Lair:2   | Killed an eight-headed hydra
 26919 | Lair:2   | Noticed a five-headed hydra
 27072 | Lair:2   | Found a hole to the Spider Nest.
 27391 | Lair:2   | Killed a five-headed hydra
 27391 | Lair:2   | Reached skill level 12 in Spellcasting
 28611 | Lair:3   | Noticed a six-headed hydra
 29642 | Lair:3   | Reached skill level 13 in Spellcasting
 30586 | Lair:3   | Received a gift from Sif Muna
 31016 | Lair:3   | Killed a six-headed hydra
 31580 | Lair:4   | Found a staircase to the Shoals.
 32669 | Lair:4   | Got a bloodstained shield
 32700 | Lair:4   | Reached XP level 13. HP: 56/56 MP: 18/31
 32707 | Lair:4   | Reached skill level 14 in Spellcasting
 32984 | Lair:4   | Noticed Kirke
 33860 | Lair:4   | Killed Kirke
 34933 | Lair:5   | Found the +10 large shield of Ignorance {rN+ Int-4}
 35816 | Lair:6   | Entered Level 6 of the Lair of Beasts
 36700 | Lair:6   | Reached skill level 15 in Spellcasting
 36965 | Lair:6   | Found a viscous altar of Jiyva.
 36967 | Lair:6   | Found a staircase to the Slime Pits.
 37986 | Lair:6   | Received a gift from Sif Muna
 39574 | Lair:6   | Reached skill level 16 in Spellcasting
 40632 | Lair:6   | Found a burning altar of Makhleb.
 40638 | Lair:6   | Found a gateway to Hell.
 40647 | Lair:6   | Got a polished buckler
 40651 | Lair:6   | Identified the +3 buckler of Yskonloa {Dex+2 Stlth+} (You found it on level 6 of the Lair of Beasts)
 41814 | D:12     | Reached skill level 1 in Shields
 41814 | D:12     | Reached XP level 14. HP: 60/60 MP: 18/35
 42011 | D:12     | Found Pacyur's Armour Emporium.
 42176 | D:13     | Noticed Snorg
 43488 | D:12     | Killed Snorg
 43666 | D:13     | Noticed Maurice
 43670 | D:13     | Killed Maurice
 43905 | D:13     | Noticed Urug
 44271 | D:13     | Killed Urug
 45201 | D:14     | Found a gate to the Vaults.
 45201 | D:14     | Noticed Rupert
 47066 | D:13     | Reached skill level 10 in Dodging
 47345 | D:13     | Killed Rupert
 48164 | D:14     | Received a gift from Sif Muna
 48169 | D:14     | Identified Sif Muna's Tome of the Excruciating Compass (Sif Muna gifted it to you on level 14 of the Dungeon)
 51731 | D:13     | Reached XP level 15. HP: 51/64 MP: 1/36
 52950 | D:15     | Entered Level 15 of the Dungeon
 53275 | D:15     | Reached skill level 17 in Spellcasting
 55046 | D:15     | Found a staircase to the Depths.
 55054 | Depths:1 | Entered Level 1 of the Depths
 55054 | Depths:1 | Noticed Aizul
 55056 | Depths:1 | Noticed a frost giant
 55332 | Depths:2 | Noticed a sphinx
 55449 | Depths:1 | Killed from afar by an ogre mage

Vault maps used:
D:1:      dpeg_arrival_rooms_c
D:2:      first_ration, elyvilon_altar_1
D:4:      yredelemnul_altar_generic, amethyst_overflow_temple_binary,
          serial_shops, kennysheep_mini, serial_bayou_pond_d, uniq_natasha
D:5:      kennysheep_little_box, old_standard_altar,
          minmay_temple_entry_butterflies
D:6:      lemuel_round_altar, eat_drink_and_be_merry_uskayaw
D:7:      grunt_gozag_statues, serial_shops, nicolae_shop_overgrown_old_shop,
          uniq_joseph
D:8:      serial_shops, shop
D:9:      minitemple, due_lair_maze_entry_diamond, basic_altar
D:10:     nicolae_whirlpool
D:12:     erik_orc_1, serial_shops, shop_coins, shop, nicolae_shop_waterfront,
          shop
D:13:     uniq_urug, uniq_maurice, uniq_snorg
D:14:     minmay_ornate_pinched, david_vaults_3, minmay_misc_feat_columns,
          hangedman_stone_soup, spider_trap
D:15:     gammafunk_enter_depths_forms, serial_park_square2,
          corexii_corridor_pit, uniq_rupert
Lair:1:   grunt_megastairs_2, uniq_fannar
Lair:2:   nicolae_spider_entry_non_spiders, nzn_random_ring
Lair:3:   minivault_11, grunt_megastairs_3, serial_bayou_shore_b,
          serial_bayou_shore_a, minmay_lair_oklob_chamber
Lair:4:   minmay_shoals_entry_centaurs, uniq_kirke
Lair:5:   columned_hall_lemuel, minivault_26
Lair:6:   evil_forest, slime_altar_1, wad_woods_river_03, guppyfry_lair_drakes,
          serial_bayou_shore_b
Depths:1: pf_coc_iceberg, grunt_decor_mini_mirrors, ice2_lemuel,
          grunt_megastairs_4, uniq_nikola, uniq_aizul
Depths:2: minmay_the_grid_four_pointed_star, abyss_entry, hellmouth_1,
          kennysheep_generic_room_5

Skill      XL: |  1  2  3  4  5  6  7  8  9 10 11 12 13 14 15 |
---------------+----------------------------------------------+-----
Conjurations   | 1 2 3 5 6 7 8 9 |  9.5
Spellcasting   | 3 4 5 6 7 9 11 13 16 17 | 17.1
Charms         | 1 2 3 |  3.0
Air Magic      | 3 4 5 6 8 9 11 12 13 14 | 14.6
Dodging        | 4 5 6 8 11 12 | 12.2
Stealth        | 4 5 6 7 9 |  9.0
Shields        | 1 4 |  4.0

Action                   |  1- 3 |  4- 6 |  7- 9 | 10-12 | 13-15 || total
-------------------------+-------+-------+-------+-------+-------++-------
Melee: Unarmed           |     2 |       |       |       |    10 ||    12
       Dagger            |       |     6 |       |       |       ||     6
       Staff             |       |     4 |     4 |     4 |     8 ||    20
       Kick              |       |       |       |       |     7 ||     7
 Cast: Shock             |   118 |   190 |   368 |   641 |     8 ||  1325
       Airstrike         |       |     2 |    12 |   393 |   926 ||  1333
       Lightning Bolt    |       |       |       |     6 |    23 ||    29
       Throw Icicle      |       |       |       |     1 |       ||     1
       Swiftness         |       |       |       |       |     1 ||     1
Invok: Divine Energy     |       |       |       |     3 |       ||     3
       Stop Divine Energ |       |       |       |     2 |       ||     2
Evoke: Wand              |       |       |       |       |     1 ||     1
  Use: Scroll            |       |       |     7 |    14 |    11 ||    32
       Potion            |       |       |     1 |     4 |     4 ||     9
 Stab: Distracted        |       |       |       |       |     1 ||     1
  Eat: Ration            |       |     2 |     4 |    13 |    10 ||    29
Armor: Robe              |     2 |     6 |     9 |     5 |       ||    22
       Steam dragon scal |       |       |       |    25 |    38 ||    63
Dodge: Dodged            |    19 |    41 |    84 |   203 |   231 ||   578
Block: Buckler           |       |       |       |       |   152 ||   152
       Other             |       |       |       |       |     2 ||     2
       Reflection        |       |       |       |       |    35 ||    35

Table legend:
 A = Spawn XP
 B = Non-spawn XP
 C = Spawn XP percentage of total XP
 D = Spawn monster count
 E = Non-spawn monster count
 F = Spawn count percentage of total count
 G = Total turns spent on level
                    A         B        C        D         E        F      G
               +---------+---------+-------+---------+---------+-------+---------
         Total |       0 |  117249 |   0.0 |       0 |     578 |   0.0 | 55449
               +---------+---------+-------+---------+---------+-------+---------
           D:1 |       0 |      26 |   0.0 |       0 |      18 |   0.0 |  1202
           D:2 |       0 |      47 |   0.0 |       0 |      13 |   0.0 |  1166
           D:3 |       0 |     104 |   0.0 |       0 |      28 |   0.0 |  2279
           D:4 |       0 |     613 |   0.0 |       0 |      15 |   0.0 |  3119
           D:5 |       0 |     584 |   0.0 |       0 |      24 |   0.0 |  2426
           D:6 |       0 |     313 |   0.0 |       0 |       9 |   0.0 |  1017
           D:7 |       0 |    1101 |   0.0 |       0 |       6 |   0.0 |  1260
           D:8 |       0 |    2536 |   0.0 |       0 |      34 |   0.0 |  2268
           D:9 |       0 |    2873 |   0.0 |       0 |      41 |   0.0 |  2628
          D:10 |       0 |    1861 |   0.0 |       0 |      24 |   0.0 |  2510
          D:11 |       0 |    1401 |   0.0 |       0 |       7 |   0.0 |   985
          D:12 |       0 |   10191 |   0.0 |       0 |      56 |   0.0 |  4434
          D:13 |       0 |   16994 |   0.0 |       0 |      50 |   0.0 |  6543
          D:14 |       0 |   20592 |   0.0 |       0 |      68 |   0.0 |  3087
          D:15 |       0 |    9841 |   0.0 |       0 |      23 |   0.0 |  1831
        Lair:1 |       0 |    4806 |   0.0 |       0 |      17 |   0.0 |  2377
        Lair:2 |       0 |    6333 |   0.0 |       0 |      27 |   0.0 |  3034
        Lair:3 |       0 |    8668 |   0.0 |       0 |      33 |   0.0 |  4063
        Lair:4 |       0 |    6061 |   0.0 |       0 |      21 |   0.0 |  2226
        Lair:5 |       0 |    5159 |   0.0 |       0 |      15 |   0.0 |  2135
        Lair:6 |       0 |   15744 |   0.0 |       0 |      47 |   0.0 |  4464
      Depths:1 |       0 |     371 |   0.0 |       0 |       1 |   0.0 |    35
      Depths:2 |       0 |    1030 |   0.0 |       0 |       1 |   0.0 |   360
               +---------+---------+-------+---------+---------+-------+---------
